MLB
OAKLAND ATHLETICS @ NEW YORK YANKEES
05/12/2018
 
TOP OF THE 1ST
Oakland Athletics batting - Pitching for New York Yankees : RHP Walker Buehler
Pitching: RHP Walker Buehler
Batting: RHB DJ LeMahieu 0-0: Ball
1-0: SINGLE (Groundball, 4D)
Batting: LHB Herschel Powell 0-0: Ball
1-0: Foul Ball, location: 2F
1-1: Ball
2-1: Ball
3-1: Base on Balls
DJ LeMahieu to second
Batting: RHB Rhys Hoskins 0-0: Ball
1-0: Ball
2-0: TRIPLE (Flyball, 89XD)
DJ LeMahieu scores
Herschel Powell scores
Batting: RHB Paul Goldschmidt 0-0: Ball
1-0: Foul Ball, location: 2F
1-1: SINGLE (Groundball, 56D)
Rhys Hoskins scores
Batting: RHB Cam Gallagher 0-0: Ball
1-0: Fly out, F6 (Popup, 6)
Batting: LHB Shin-Soo Choo 0-0: Ball
1-0: Called Strike
1-1: Foul Ball, location: 2F
1-2: Strikes out swinging
Batting: LHB Didi Gregorius 0-0: Ball
1-0: Swinging Strike
1-1: Ball
2-1: Ball
3-1: DOUBLE (Flyball, 78D)
Paul Goldschmidt to third
Runner from 3rd tries for Home, SAFE, throw made home
Batting: RHB Chris Owings 0-0: Ball
1-0: Called Strike
1-1: Ball
2-1: Ball
3-1: Swinging Strike
3-2: Strikes out swinging
Top of the 1st over - 4 runs, 4 hits, 0 errors, 1 left on base; Oakland 4 - New York 0
BOTTOM OF THE 1ST
New York Yankees batting - Pitching for Oakland Athletics : LHP Steven Brault
Pitching: LHP Steven Brault
Batting: RHB Manny Margot 0-0: Called Strike
0-1: Ball
1-1: SINGLE (Groundball, 4M) (infield hit)
Batting: LHB Willie Calhoun 0-0: Called Strike
0-1: Called Strike
0-2: 2-RUN HOME RUN (Flyball, 8RXD), Distance : 413 ft
Batting: RHB Ryan Braun 0-0: Called Strike
0-1: Ball
1-1: Foul Ball, location: 2F
1-2: Ball
2-2: Fly out, F3 (Popup, 3SF)
Batting: RHB Anthony Rendon 0-0: Ball
1-0: Ball
2-0: Foul Ball, location: 2F
2-1: Ball
3-1: Foul Ball, location: 2F
3-2: Foul Ball, location: 2F
3-2: Base on Balls
Batting: RHB Buster Posey Pickoff Throw to First - Out!
0-0: Ball
1-0: Ball
2-0: Foul Ball, location: 2F
2-1: SINGLE (Line Drive, 4MD)
Batting: LHB Logan Morrison 0-0: Ball
1-0: Foul Ball, location: 2F
1-1: Ball
2-1: Called Strike
2-2: Strikes out swinging
Bottom of the 1st over - 2 runs, 3 hits, 0 errors, 1 left on base; Oakland 4 - New York 2
TOP OF THE 2ND
Oakland Athletics batting - Pitching for New York Yankees : RHP Walker Buehler
Batting: LHB Max Schrock 0-0: Fly out, F7 (Flyball, 78M)
Batting: RHB DJ LeMahieu 0-0: Ball
1-0: Foul Ball, location: 2F
1-1: Ball
2-1: Ball
3-1: SINGLE (Line Drive, 34)
Batting: LHB Herschel Powell 0-0: Swinging Strike
0-1: Ball
1-1: Ball
2-1: Called Strike
2-2: Ball
3-2: Base on Balls
DJ LeMahieu to second
Batting: RHB Rhys Hoskins 0-0: Ball
1-0: Foul Ball, location: 2F
1-1: Swinging Strike
1-2: Foul Ball, location: 2F
1-2: Ball
2-2: Ball
3-2: 3-RUN HOME RUN (Flyball, 9LD), Distance : 338 ft
Batting: RHB Paul Goldschmidt 0-0: Ball
1-0: Called Strike
1-1: Ball
2-1: Ball
3-1: Foul Ball, location: 2F
3-2: Base on Balls
Batting: RHB Cam Gallagher 0-0: Fielders Choice at 2nd, 1-4 (Groundball, 25)
Batting: LHB Shin-Soo Choo 0-0: Ball
1-0: Ball
2-0: Ball
3-0: Called Strike
3-1: Foul Ball, location: 2F
3-2: Foul Ball, location: 2F
3-2: Strikes out swinging
Top of the 2nd over - 3 runs, 2 hits, 0 errors, 1 left on base; Oakland 7 - New York 2
BOTTOM OF THE 2ND
New York Yankees batting - Pitching for Oakland Athletics : LHP Steven Brault
Batting: RHB Devon Travis 0-0: Called Strike
0-1: SINGLE (Line Drive, 7LS)
Batting: LHB Brandon Crawford 0-0: Ground out 6-3 (Groundball, 6S)
Devon Travis to second
Batting: LHB Tony Kemp 0-0: SINGLE (Groundball, 23) (infield hit)
Devon Travis to third
Batting: RHB Manny Margot 0-0: Called Strike
0-1: Fly out, F3 (Popup, 34S)
Batting: LHB Willie Calhoun 0-0: Ball
Pickoff Throw to First - Error! E1
Devon Travis scores
Tony Kemp to second
1-0: 2-RUN HOME RUN (Flyball, 7LD), Distance : 330 ft
Batting: RHB Ryan Braun 0-0: Called Strike
0-1: Ball
1-1: Ball
2-1: Swinging Strike
2-2: Foul Ball, location: 2F
2-2: Ball
3-2: Base on Balls
Batting: RHB Anthony Rendon 0-0: Ball
1-0: Ball
2-0: Ball
3-0: Base on Balls
Ryan Braun to second
Batting: RHB Buster Posey 0-0: Foul Ball, location: 2F
0-1: Ball
1-1: Swinging Strike
1-2: Ball
2-2: Foul Ball, location: 2F
2-2: Ball
3-2: DOUBLE (Groundball, 5L)
Ryan Braun scores
Anthony Rendon to third
Anthony Rendon scores
Batting: LHB Logan Morrison 0-0: Ball
1-0: Ball
2-0: Ball
3-0: Base on Balls
Batting: RHB Devon Travis 0-0: Fly out, F7 (Flyball, 78S)
Bottom of the 2nd over - 5 runs, 4 hits, 1 error, 2 left on base; Oakland 7 - New York 7
TOP OF THE 3RD
Oakland Athletics batting - Pitching for New York Yankees : RHP Walker Buehler
Batting: LHB Didi Gregorius 0-0: Ball
1-0: Foul Ball, location: 2F
1-1: Bunt for hit - play at first, batter safe!
Batting: RHB Chris Owings 0-0: Called Strike
0-1: Ball
1-1: Foul Ball, location: 2F
1-2: Ball
2-2: Strikes out swinging
Batting: LHB Max Schrock 0-0: Called Strike
Pickoff Throw by Catcher to First - Out!
0-1: Ball
1-1: Swinging Strike
1-2: Strikes out swinging
Top of the 3rd over - 0 runs, 1 hit, 0 errors, 0 left on base; Oakland 7 - New York 7
BOTTOM OF THE 3RD
New York Yankees batting - Pitching for Oakland Athletics : LHP Steven Brault
Batting: LHB Brandon Crawford 0-0: Fly out, F7 (Flyball, 7)
Batting: LHB Tony Kemp 0-0: Called Strike
0-1: Fly out, F6 (Line Drive, 6)
Batting: RHB Manny Margot 0-0: Called Strike
0-1: Foul Ball, location: 2F
0-2: Ball
1-2: Ball
2-2: Ball
3-2: Base on Balls
Batting: LHB Willie Calhoun 0-0: Ball
1-0: Called Strike
Manny Margot is caught stealing 2nd base
Bottom of the 3rd over - 0 runs, 0 hits, 0 errors, 0 left on base; Oakland 7 - New York 7
TOP OF THE 4TH
Oakland Athletics batting - Pitching for New York Yankees : RHP Walker Buehler
Batting: RHB DJ LeMahieu 0-0: Ball
1-0: Called Strike
1-1: Foul Ball, location: 2F
1-2: SINGLE (Groundball, 6MD)
Batting: LHB Herschel Powell 0-0: Called Strike
0-1: Grounds into double play, 6-4-3 (Groundball, 6)
Batting: RHB Rhys Hoskins 0-0: Ball
1-0: Called Strike
1-1: Ball
2-1: Foul Ball, location: 2F
2-2: Ball
3-2: Foul Ball, location: 2F
3-2: Fly out, F9 (Flyball, 89S)
Top of the 4th over - 0 runs, 1 hit, 0 errors, 0 left on base; Oakland 7 - New York 7
BOTTOM OF THE 4TH
New York Yankees batting - Pitching for Oakland Athletics : LHP Steven Brault
Batting: LHB Willie Calhoun 0-0: Ball
1-0: Ball
2-0: Swinging Strike
2-1: Foul Ball, location: 2F
2-2: Foul Ball, location: 2F
2-2: Ball
3-2: Foul Ball, location: 2F
3-2: Foul Ball, location: 2F
3-2: Base on Balls
Pitching: RHP Mike Leake
Batting: RHB Ryan Braun 0-0: Foul Ball, location: 2F
0-1: Foul Ball, location: 2F
0-2: Strikes out swinging
Batting: RHB Anthony Rendon 0-0: Ball
1-0: Ball
2-0: Foul Ball, location: 2F
2-1: Swinging Strike
2-2: Strikes out swinging
Batting: RHB Buster Posey 0-0: 2-RUN HOME RUN (Flyball, 7D), Distance : 368 ft
Batting: LHB Logan Morrison 0-0: Called Strike
0-1: Ball
1-1: Ball
2-1: Ground out 4-3 (Groundball, 34)
Bottom of the 4th over - 2 runs, 1 hit, 0 errors, 0 left on base; Oakland 7 - New York 9
TOP OF THE 5TH
Oakland Athletics batting - Pitching for New York Yankees : RHP Walker Buehler
Pitching: LHP Josh Hader
Batting: RHB Paul Goldschmidt 0-0: Ball
1-0: Ball
2-0: Called Strike
2-1: Ball
3-1: Swinging Strike
3-2: Foul Ball, location: 2F
3-2: Foul Ball, location: 2F
3-2: Foul Ball, location: 2F
3-2: Base on Balls
Batting: RHB Cam Gallagher 0-0: Ball
Paul Goldschmidt steals 2nd base
1-0: Foul Ball, location: 2F
1-1: Ball
2-1: Called Strike
2-2: Ball
3-2: SINGLE (Line Drive, 4D)
Paul Goldschmidt to third
Batting: LHB Shin-Soo Choo 0-0: SINGLE (Line Drive, 9S)
Paul Goldschmidt scores
Cam Gallagher to second
Batting: LHB Didi Gregorius 0-0: Ball
1-0: Called Strike
1-1: Sac Bunt - play at first, batter OUT! 2-3
Cam Gallagher to third
Shin-Soo Choo to second
Batting: RHB Chris Owings 0-0: Called Strike
0-1: Foul Ball, location: 2F
0-2: Strikes out swinging
Batting: LHB Max Schrock 0-0: Ball
1-0: Foul Ball, location: 2F
1-1: SINGLE (Flyball, 9S)
Cam Gallagher scores
Shin-Soo Choo to third
Runner from 3rd tries for Home, SAFE, no throw
Batting: RHB DJ LeMahieu 0-0: Ball
1-0: Ball
2-0: Ball
3-0: Base on Balls
Max Schrock to second
Pitching: RHP Shane Greene
Batting: LHB Herschel Powell 0-0: Ball
1-0: Ball
2-0: Ball
3-0: Called Strike
3-1: Swinging Strike
3-2: Strikes out swinging
Top of the 5th over - 3 runs, 3 hits, 0 errors, 2 left on base; Oakland 10 - New York 9
BOTTOM OF THE 5TH
New York Yankees batting - Pitching for Oakland Athletics : RHP Mike Leake
Batting: RHB Devon Travis 0-0: Ball
1-0: Fly out, F8 (Flyball, 8LXD)
Batting: LHB Brandon Crawford 0-0: Swinging Strike
0-1: Swinging Strike
0-2: Strikes out swinging
Batting: LHB Tony Kemp 0-0: Ball
1-0: Fly out, F7 (Line Drive, 7D)
Bottom of the 5th over - 0 runs, 0 hits, 0 errors, 0 left on base; Oakland 10 - New York 9
TOP OF THE 6TH
Oakland Athletics batting - Pitching for New York Yankees : RHP Shane Greene
Batting: RHB Rhys Hoskins 0-0: Ball
1-0: Ball
2-0: Ball
3-0: Foul Ball, location: 2F
3-1: SINGLE (Line Drive, 4D)
Batting: RHB Paul Goldschmidt 0-0: Called Strike
0-1: Ball
Rhys Hoskins steals 2nd base
Pinch Runner at 2nd Guillermo Heredia: 1-1: Swinging Strike
1-2: Foul Ball, location: 2F
1-2: Strikes out looking
Pitching: RHP Josh Lucas
Batting: RHB Cam Gallagher 0-0: Ball
1-0: Foul Ball, location: 2F
1-1: Foul Ball, location: 2F
1-2: Ground out 5-3 (Groundball, 5)
Batting: LHB Shin-Soo Choo 0-0: Ball
1-0: Called Strike
1-1: Ball
2-1: Foul Ball, location: 2F
2-2: Strikes out swinging
Top of the 6th over - 0 runs, 1 hit, 0 errors, 1 left on base; Oakland 10 - New York 9
BOTTOM OF THE 6TH
New York Yankees batting - Pitching for Oakland Athletics : RHP Mike Leake
Now in LF: Guillermo Heredia
Batting: RHB Manny Margot 0-0: Ball
1-0: Ball
2-0: Ground out U3 (Groundball, 3S)
Batting: LHB Willie Calhoun 0-0: Ball
1-0: Ball
2-0: Called Strike
2-1: Foul Ball, location: 2F
2-2: Foul Ball, location: 2F
2-2: Ball
3-2: Base on Balls
Batting: RHB Ryan Braun 0-0: Ball
1-0: Ball
2-0: Called Strike
2-1: Fly out, F3 (Line Drive, 3)
Lined into DP, U3 (Line Drive, 3)
Bottom of the 6th over - 0 runs, 0 hits, 0 errors, 0 left on base; Oakland 10 - New York 9
TOP OF THE 7TH
Oakland Athletics batting - Pitching for New York Yankees : RHP Josh Lucas
Pitching: LHP Xavier Cedeno
Batting: LHB Didi Gregorius 0-0: Called Strike
0-1: Ground out 4-3 (Groundball, 4S)
Batting: RHB Chris Owings 0-0: Swinging Strike
0-1: Called Strike
0-2: Ball
1-2: Strikes out swinging
Batting: LHB Max Schrock 0-0: Fly out, F6 (Line Drive, 6)
Top of the 7th over - 0 runs, 0 hits, 0 errors, 0 left on base; Oakland 10 - New York 9
BOTTOM OF THE 7TH
New York Yankees batting - Pitching for Oakland Athletics : RHP Mike Leake
Pitching: LHP Dario Alvarez
Batting: RHB Anthony Rendon 0-0: Ball
1-0: Ball
2-0: Ball
3-0: Called Strike
3-1: Base on Balls
Batting: RHB Buster Posey 0-0: Called Strike
0-1: Ball
1-1: Foul Ball, location: 2F
1-2: Foul Ball, location: 2F
1-2: Foul Ball, location: 2F
1-2: Ball
2-2: Ball
3-2: Base on Balls
Anthony Rendon to second
Pitching: RHP Matt Barnes
Batting: LHB Logan Morrison 0-0: Called Strike
0-1: Swinging Strike
0-2: Ball
1-2: Foul Ball, location: 2F
1-2: Strikes out looking
Batting: RHB Devon Travis 0-0: Fly out, F8 (Line Drive, 8LD)
Batting: LHB Brandon Crawford 0-0: Foul Ball, location: 2F
0-1: Called Strike
0-2: Strikes out swinging
Bottom of the 7th over - 0 runs, 0 hits, 0 errors, 2 left on base; Oakland 10 - New York 9
TOP OF THE 8TH
Oakland Athletics batting - Pitching for New York Yankees : LHP Xavier Cedeno
Pitching: RHP Randall Delgado
Batting: RHB DJ LeMahieu 0-0: Called Strike
0-1: Ball
1-1: Foul Ball, location: 2F
1-2: Foul Ball, location: 2F
1-2: Fly out, F9 (Flyball, 9LD)
Batting: LHB Herschel Powell 0-0: Called Strike
0-1: Swinging Strike
0-2: Strikes out looking
Batting: RHB Guillermo Heredia 0-0: Called Strike
0-1: Fly out, F8 (Flyball, 8RS)
Top of the 8th over - 0 runs, 0 hits, 0 errors, 0 left on base; Oakland 10 - New York 9
BOTTOM OF THE 8TH
New York Yankees batting - Pitching for Oakland Athletics : RHP Matt Barnes
Pitching: RHP Craig Kimbrel
Batting: LHB Tony Kemp 0-0: Called Strike
0-1: Called Strike
0-2: Strikes out swinging
Batting: RHB Manny Margot 0-0: Ball
1-0: Foul Ball, location: 2F
1-1: Called Strike
1-2: Ball
2-2: Foul Ball, location: 2F
2-2: Strikes out swinging
Batting: LHB Willie Calhoun 0-0: Foul Ball, location: 2F
0-1: Foul Ball, location: 2F
0-2: Foul Ball, location: 2F
0-2: Strikes out looking
Bottom of the 8th over - 0 runs, 0 hits, 0 errors, 0 left on base; Oakland 10 - New York 9
TOP OF THE 9TH
Oakland Athletics batting - Pitching for New York Yankees : RHP Randall Delgado
Pitching: LHP John Danks
Batting: RHB Paul Goldschmidt 0-0: SOLO HOME RUN (Flyball, 78XD), Distance : 418 ft
Batting: RHB Cam Gallagher 0-0: Ball
1-0: Ball
2-0: Fly out, F8 (Flyball, 8RXD)
Batting: LHB Shin-Soo Choo 0-0: Called Strike
0-1: Ball
1-1: Called Strike
1-2: Foul Ball, location: 2F
1-2: Ball
2-2: Foul Ball, location: 2F
2-2: Ball
3-2: Fly out, F8 (Flyball, 8RM)
Batting: LHB Didi Gregorius 0-0: Ball
1-0: Ball
2-0: Swinging Strike
2-1: Ground out U3 (Groundball, 3)
Top of the 9th over - 1 run, 1 hit, 0 errors, 0 left on base; Oakland 11 - New York 9
BOTTOM OF THE 9TH
New York Yankees batting - Pitching for Oakland Athletics : RHP Craig Kimbrel
Pitching: LHP Sean Doolittle
Batting: RHB Ryan Braun 0-0: Ball
1-0: Called Strike
1-1: Ground out 6-3 (Groundball, 6)
Batting: RHB Anthony Rendon 0-0: Ball
1-0: Ball
2-0: Fly out, F3 (Popup, 3SF)
Batting: RHB Buster Posey 0-0: Ball
1-0: Called Strike
1-1: Ball
2-1: Called Strike
2-2: Ball
3-2: Fly out, F9 (Line Drive, 9)
Bottom of the 9th over - 0 runs, 0 hits, 0 errors, 0 left on base; Oakland 11 - New York 9
Sunday, July 1st, 2018 - OOTP Baseball 19.6 Build 53